 Dungeon Crawl Stone Soup version 0.28-a0-697-g47f3eba078 (webtiles) character file.

Game seed: 3124670543262396385

40 Demosthentine the Poker (level 3, -3/28 HPs)
             Began as a Merfolk Gladiator on Oct 23, 2021.
             Slain by a goblin (5 damage)
             ... led by Robin
             ... on level 2 of the Dungeon.
             The game lasted 00:00:57 (1010 turns).

Demosthentine the Poker (Merfolk Gladiator)         Turns: 1010, Time: 00:00:58

Health: -3/28      AC:  4    Str: 15    XL:     3   Next: 50%
Magic:  3/3        EV: 13    Int:  7    God:
Gold:   25         SH:  0    Dex: 15    Spells: 2/2 levels left

rFire   . . .      SeeInvis .   a - +0 trident
rCold   . . .      Faith    .   (no shield)
rNeg    . . .      Spirit   .   b - +0 leather armour
rPois   .          Reflect  .   c - +0 helmet
rElec   .          Harm     .   (no cloak)
rCorr   .          Rampage  .   (no gloves)
Will    .....                   (no boots)
Stlth   +.........              (no amulet)
HPRegen 0.09/turn               (no ring)
MPRegen 0.08/turn               (no ring)

@: no status effects
A: (nimble swimmer 2), mertail
a: no special abilities


You were on level 2 of the Dungeon.
You visited 1 branch of the dungeon, and saw 2 of its levels.

You collected 69 gold pieces.
You spent 44 gold pieces at shops.

Inventory:

Hand Weapons
 a - a +0 trident (weapon)
Missiles
 d - 3 throwing nets (quivered)
Armour
 b - a +0 leather armour (worn)
 c - a +0 helmet (worn)
Scrolls
 e - 3 scrolls of identify
 g - a scroll of fog
Potions
 f - a potion of berserk rage


   Skills:
 + Level 2.7 Fighting
 + Level 5.0 Polearms
 - Level 2.0 Throwing
 + Level 0.9 Armour
 + Level 4.5 Dodging


You had 2 spell levels left.
You didn't know any spells.
Your spell library was empty.

Dungeon Overview and Level Annotations

Branches:
Dungeon (2/15)

Altars:

Shops:
D:1 *   D:2 :

Annotations:
D:2 Robin


Innate Abilities, Weirdness & Mutations

((You are quick and stealthy near water. (Stealth+, EV+, Speed+++)))
Your lower body shifts to a powerful aquatic tail in water.


Message History

Robin barely misses you.
Robin roars a battlecry!
The goblin goes into a battle-frenzy!
The goblin hits you with a +0 dagger.
The goblin no longer looks unusually strong.
Robin throws the goblin at you!
You closely miss the goblin. The goblin hits you with a +0 club.
The goblin hits you but does no damage.
You hit the goblin.
The goblin is heavily wounded.
The goblin barely misses you. The goblin hits you but does no damage.
You miss the goblin.
The goblin is heavily wounded.
The goblin closely misses you. The goblin hits you but does no damage.
You closely miss the goblin.
The goblin is heavily wounded.
The goblin hits you with a +0 club. The goblin misses you.
You hit the goblin.
You kill the goblin!
The goblin hits you with a +0 dagger.
Robin roars a battlecry!
The goblins go into a battle-frenzy!
Robin throws the goblin at you!
Things that are here:
a +0 club; a goblin corpse You barely miss the goblin.
The goblin misses you. The goblin closely misses you.
You barely miss the goblin. The goblin hits you but does no damage.
The goblin hits you with a +0 dagger.
You miss the goblin. The goblin barely misses you.
Robin roars a battlecry!
The hobgoblin goes into a battle-frenzy!
The goblin hits you but does no damage. The goblin barely misses you.
You closely miss the goblin. The goblin misses you.
The goblin hits you with a +0 club.
* * * LOW HITPOINT WARNING * * *
You barely miss the goblin. The goblin hits you with a +0 dagger.
* * * LOW HITPOINT WARNING * * *
The goblin hits you with a +0 club.
You die...

#.#.# ##.....##
#########.#.####.......##
#.......#...............##
#.##..###...##.#..........
####.##..##....#..#...[..#
.....##.........#...g...#
####...∩......##.##.##g##
#....##.#..#####g#.g.# .#
###.)##<#..g@ggg.#.gg# .#
###.....#.########.g.# ..
###...###.# #.g.# g##
##### #.# #.g.# ##g#g .<#
#...#


#g.gg .. #...####..#g .......)<..g ........g.. ....../.... You could see Robin,
a hobgoblin (strong) and 3 goblins.

Vanquished Creatures
  A dart slug (D:1)
  2 endoplasms (D:1)
  5 hobgoblins (D:1)
  2 jackals (D:1)
  2 ball pythons (D:1)
  3 bats (D:1)
  A frilled lizard (D:1)
  8 goblins
  4 kobolds
  8 rats (D:1)
36 creatures vanquished.

Notes
Turn   | Place    | Note
-------+----------+-------------------------------------------
     0 | D:1      | Demosthentine the Merfolk Gladiator began the quest for the
                  | Orb.
     0 | D:1      | Reached XP level 1. HP: 16/16 MP: 1/1
   132 | D:1      | Reached XP level 2. HP: 23/23 MP: 2/2
   483 | D:1      | Found a faded altar of an unknown god.
   637 | D:1      | Reached XP level 3. HP: 28/28 MP: 3/3
   750 | D:1      | Found Puecus's General Store.
   758 | D:1      | Bought a scroll of identify for 22 gold pieces
   758 | D:1      | Bought a scroll of fog for 22 gold pieces
   904 | D:2      | Reached skill level 5 in Polearms
   904 | D:2      | Noticed Robin
   956 | D:2      | Found Bolianim's Book Shop.
  1010 | D:2      | Slain by a goblin

Illustrated notes

Levels and vault maps discovered:
D:1:      elethiomel_arrival_diamonds, layout_loops_ring,
          ebering_ecumenical_altar_abandoned, serial_shops, shop_fountains
D:2:      layout_loops_cross, serial_shops, nicolae_square_shop, uniq_robin,
          uniq_crazy_yiuf_cottage

Skill      XL: |  1  2  3 |
---------------+----------+-----
Polearms       | 5 |  5.0
Fighting       | |  2.7
Throwing       | |  2.0
Armour         | |  0.9
Dodging        | |  4.5

Action                   || total
-------------------------++-------
Melee: Trident           ||   100
  Use: Scroll            ||     1
Armor: Leather armour    ||    20
Dodge: Dodged            ||    56

Table legend: (Time is in decaauts)
 A = Elapsed time spent in this place.
 B = Non-inter-level travel time spent in this place.
 C = Inter-level travel time spent in this place.
 D = Time resting spent in this place.
 E = Time spent auto-exploring this place.
 F = Levels seen in this place.
 G = Mean time per level.
                   A        B        C        D        E       F      G
               +--------+--------+--------+--------+--------+-----+--------+
         Total |   1016 |    973 |     43 |      0 |    758 |   2 |  508.0 |
       Dungeon |   1016 |    973 |     43 |      0 |    758 |   2 |  508.0 |
               +--------+--------+--------+--------+--------+-----+--------+

Top non-repeatable levels by time:
     D:1: 955 daAuts
     D:2: 61 daAuts
